details: 'the worst night elf in bnet history (how do they get decent recs)'

« prev index next »

General information

Mini Map

Players

team 1
Random» NightElffaw3d02g9 (purple | 145 APM | 521 actions | 03:35)
Hero icon 1 Demon Hunter
Ability icon 1 Mana Burn

» actions
Assign group hotkey8
Build / train15
Enter build submenu5
Enter hero's abilities submenu2
Right click294
Select / deselect32
Select group hotkey154
Use ability11
521 total
» units
Wisp9
Archer3
12 total
» buildings
Altar of Elders1
Moon Well2
Ancient of War1
Hunter's Hall1
5 total
» build order
00:18 Altar of Elders
00:24 Moon Well
01:04 Ancient of War
01:56 Moon Well
02:35 Hunter's Hall
team 2
Humandro.geN (orange | 65 APM | 236 actions | 03:37)
Hero icon 1 Mountain King
Ability icon 1 Storm Bolt

» actions
Assign group hotkey14
Basic commands21
Build / train18
ESC pressed1
Enter build submenu7
Enter hero's abilities submenu1
Right click86
Select / deselect61
Select group hotkey15
Use ability12
236 total
» units
Peasant11
Footman5
16 total
» buildings
Altar of Kings1
Barracks1
Farm4
6 total
» build order
00:12 Altar of Kings
00:26 Barracks
00:30 Farm
01:07 Farm
01:42 Farm
02:11 Farm